 Dungeon Crawl Stone Soup version 0.20-a0-208-g55166f7 (webtiles) character file.

14 terminator the Skirmisher (level 2, -1/26 HPs)
             Began as a Centaur Fighter on Nov 25, 2016.
             Slain by a gnoll
             ... wielding a +0 flail
              (3 damage)
             ... on level 2 of the Dungeon.
             The game lasted 00:05:36 (676 turns).

terminator the Skirmisher (Centaur Fighter)          Turns: 676, Time: 00:05:36

Health: -1/26      AC:  6    Str: 18    XL:     2   Next: 31%
Magic:  2/2        EV:  5    Int:  7    God:
Gold:   34         SH:  8    Dex:  8    Spells: 1/1 levels left

rFire  . . .     SeeInvis .     a - +0 war axe
rCold  . . .     Gourm    .     b - +0 scale mail
rNeg   . . .     Faith    .     c - +0 shield
rPois  .         Spirit   .     (no helmet)
rElec  .         Reflect  .     (no cloak)
rCorr  .         Harm     .     (no gloves)
MR     .....                    (no barding)
Stlth  ..........               (no amulet)
                                (no ring)
                                (no ring)

@: lethally poisoned (-1 -> -4), very quick
A: hooves 3, deformed body, speed 2, tough skin 3
a: no special abilities


You were on level 2 of the Dungeon.
You were not hungry.

You visited 1 branch of the dungeon, and saw 3 of its levels.

You collected 34 gold pieces.

Inventory:

Hand Weapons
 a - a +0 war axe (weapon)
 e - a +0 club
 g - a +0 dagger
 h - a +0 whip
 m - a +0 dagger
 u - a +0 club
Missiles
 i - 14 arrows
Armour
 b - a +0 scale mail (worn)
 c - a +0 shield (worn)
 w - a +0 pair of gloves
Jewellery
 x - an uncursed ring of protection from magic {unknown}
Scrolls
 j - a scroll of identify {unknown}
 k - a scroll of teleportation {unknown}
 l - a scroll of immolation {unknown}
 n - a scroll of recharging {unknown}
 q - a scroll of random uselessness {unknown}
Potions
 d - 2 potions of might
 o - a potion of flight {unknown}
 p - a potion of brilliance {unknown}
 r - a potion of heal wounds {unknown}
 s - a potion of curing {unknown}
 t - a potion of resistance {unknown}
Comestibles
 f - 2 bread rations
 v - 2 meat rations


   Skills:
 + Level 3.1 Fighting
 + Level 2.1 Axes
 + Level 2.1 Armour
 + Level 2.4 Shields


You had one spell level left.
You didn't know any spells.

Dungeon Overview and Level Annotations

Branches:
Dungeon (3/15)

Altars:


Innate Abilities, Weirdness & Mutations

You have hooves in place of feet.
Armour fits poorly on your strangely shaped body.
You cover ground very quickly.
You have extremely tough skin. (AC +3)


Message History

The adder completely misses you. You block the adder's attack.
You see here a moonstone ring.
x - a moonstone ring The adder bites you but does no damage.
The adder bites you.
You are poisoned.
The adder poisons you!
You feel sick.
Your shield and scale mail prevent you from hitting the adder.
Your kick misses the adder. You hit the adder. The adder barely misses you. x2
The adder bites you. The gnoll hits you but does no damage.
You block the adder's attack.
You barely miss the adder. You slash the gnoll!
You hit the adder but do no damage.
You feel sick.
The adder bites you but does no damage. x2
The gnoll hits you from afar with a halberd.
* * * LOW HITPOINT WARNING * * *
The gnoll hits you from afar with a spear.
* * * LOW HITPOINT WARNING * * *
The gnoll hits you with a flail.
You die...

##########
#........##########
#.......[#........# .
#........#........####...
#........#..Sg...........
#........#.@Sg.g..###.h..
#..........hgh...........
######.............####.
#.#.....)...>.#
#.##..(###........#
..####.# #(..####.# .###
#.....### ## ## ####.##
#. #..# .#..


You could see 4 gnolls, 2 adders and 2 jackals.

Vanquished Creatures
  A bat (D:1)
  4 goblins
  3 hobgoblins (D:2)
  2 kobolds
  2 rats (D:1)
12 creatures vanquished.

Notes
Turn   | Place    | Note
-------+----------+-------------------------------------------
     0 | D:1      | terminator the Centaur Fighter began the quest for the Orb.
     0 | D:1      | Reached XP level 1. HP: 19/19 MP: 1/1
   366 | D:1      | Reached XP level 2. HP: 19/26 MP: 2/2
   676 | D:2      | Slain by a gnoll

Vault maps used:
D:1:      wheals_arrival_linesprint
D:3:      nicolae_overflow_hidden_temple, portal_sewer_entry_b

Skill      XL: |  1 |
---------------+----+-----
Axes           | 2 |  2.1
Fighting       | |  3.1
Armour         | |  2.1
Shields        | |  2.4

Action                   || total
-------------------------++-------
Melee: War axe           ||    28
       Kick              ||     4
Armor: Scale mail        ||    20
Dodge: Dodged            ||    15
Block: Shield            ||    21
